 Dungeon Crawl Stone Soup version 0.26-a0-667-g92642533e4 (webtiles) character file.

Game seed: 3144655778184403929

69 lunkers the Shield-Bearer (level 4, 0/31 HPs)
             Began as an Octopode Fighter on Oct 16, 2020.
             Succumbed to an adder's poison
             ... on level 2 of the Dungeon.
             The game lasted 00:02:31 (1723 turns).

lunkers the Shield-Bearer (Octopode Fighter)        Turns: 1723, Time: 00:02:31

Health: 0/31       AC:  1    Str: 15    XL:     4   Next: 20%
Magic:  13/13      EV: 14    Int: 10    God:
Gold:   95         SH:  4    Dex: 12    Spells: 3/3 levels left

rFire    . . .     SeeInvis .   a - +0 war axe
rCold    . . .     Faith    .   m - +0 buckler
rNeg     . . .     Spirit   .   (helmet restricted)
rPois    .         Reflect  .   (no amulet)
rElec    .         Harm     .   g - ring of magical power
rCorr    .         Rampage  .   (no ring)
MR       .....                  (no ring)
Stlth    ++........             (no ring)
HPRegen  0.10/turn              (no ring)
MPRegen  0.13/turn              (no ring)
                                (no ring)
                                (no ring)

@: lethally poisoned (0 -> -5)
A: almost no armour, stealthy swim, amphibious, 8 rings, constrict 8, camouflage
1, gelatinous body 1
a: no special abilities


You were on level 2 of the Dungeon.
You visited 1 branch of the dungeon, and saw 2 of its levels.

You collected 95 gold pieces.

Inventory:

Hand Weapons
 a - a +0 war axe (weapon)
Armour
 b - a +0 kite shield
 m - a +0 buckler (worn)
Jewellery
 g - a ring of magical power (left tentacle)
Scrolls
 e - 2 scrolls of remove curse {unknown}
 f - 3 scrolls of identify {unknown}
 h - a scroll of blinking {unknown}
 i - 2 scrolls of enchant armour {unknown}
 k - a scroll of fear {unknown}
 l - a scroll of magic mapping {unknown}
 n - 2 scrolls of teleportation {unknown}
Potions
 c - a potion of might
 d - a potion of curing {unknown}
 j - a potion of brilliance {unknown}


   Skills:
 + Level 3.5 Fighting
 * Level 3.4 Axes
 - Level 3.0 Dodging
 + Level 3.5 Shields


You had 3 spell levels left.
You didn't know any spells.
Your spell library was empty.

Dungeon Overview and Level Annotations

Branches:
Dungeon (2/15)

Altars:
Nemelex Xobeh


Innate Abilities, Weirdness & Mutations

You cannot wear most types of armour.
You are very stealthy in the water. (Stealth+)
You are amphibious.
You can wear up to eight rings at the same time.
You can use your tentacles to constrict eight enemies at once.
Your skin changes colour to match your surroundings (Stealth+).
Your rubbery body absorbs attacks. (AC +1, EV +1)


Message History

Your squeeze misses the adder. The adder bites you.
* * * LOW HITPOINT WARNING * * *
A worm comes into view.
The adder bites you.
* * * LOW HITPOINT WARNING * * *
You miss the adder. Your grab misses the adder. The adder bites you.
* * * LOW HITPOINT WARNING * * *
You are lethally poisoned!
The adder poisons you!
You closely miss the adder. You grab the adder. You constrict the adder.
* * * LOW HITPOINT WARNING * * *
You feel sick. The adder bites you.
* * * LOW HITPOINT WARNING * * *
The adder misses you.
Unknown command.
You slash the adder!
The adder is almost dead.
You constrict the adder.
You kill the adder!
You die...

###### ##########....#
#.......<..##.#
#.####.....##.#
...#####.####.....##.###
....gS.@............†(.(
.....l##.########.#.....
..... .... #.#..... ...w
#.### #.#.#### ... ..#
#.... .. ### ###.# # #.#
#.#


You could see a worm, an adder, a hobgoblin and a frilled lizard.

Vanquished Creatures
  An adder (D:2)
  An ooze (D:2)
  2 dart slugs
  3 leopard geckos
  5 bats
  5 giant cockroaches
  4 goblins
  5 hobgoblins (D:1)
  6 jackals
  A quokka (D:2)
  3 frilled lizards (D:1)
  3 kobolds (D:2)
  4 rats
43 creatures vanquished.

Notes
Turn   | Place    | Note
-------+----------+-------------------------------------------
     0 | D:1      | lunkers the Octopode Fighter began the quest for the Orb.
     0 | D:1      | Reached XP level 1. HP: 16/16 MP: 1/1
    90 | D:1      | Reached XP level 2. HP: 6/21 MP: 2/2
   646 | D:1      | Reached XP level 3. HP: 20/26 MP: 3/3
  1414 | D:2      | Found a sparkling altar of Nemelex Xobeh.
  1716 | D:2      | Reached XP level 4. HP: 20/31 MP: 4/4
  1722 | D:2      | HP: 1/31 [adder (3)]
  1723 | D:2      | Succumbed to an adder's poison

Illustrated notes

Levels and vault maps discovered:
D:1:      elethiomel_arrival_infinity_welcomes_careful_drivers,
          layout_loops_ring, st_stairs_11
D:2:      layout_basic, serial_curves, eino_curves_03, eino_curves_03,
          nemelex_spade_bored_becter

Skill      XL: |  1  2  3 |
---------------+----------+-----
Axes           | 3 |  3.4
Fighting       | |  3.5
Dodging        | |  3.0
Shields        | |  3.5

Action                   |  1- 3 |  4- 6 || total
-------------------------+-------+-------++-------
Melee: War axe           |    80 |     6 ||    86
       Constrict         |    18 |     1 ||    19
       Tentacles         |    21 |       ||    21
 Stab: Sleeping          |     5 |       ||     5
Armor: Skin              |     4 |       ||     4
Dodge: Dodged            |    40 |     2 ||    42
Block: Kite shield       |    37 |       ||    37
       Buckler           |     4 |     1 ||     5

Table legend: (Time is in decaauts)
 A = Elapsed time spent in this place.
 B = Non-inter-level travel time spent in this place.
 C = Inter-level travel time spent in this place.
 D = Time resting spent in this place.
 E = Time spent auto-exploring this place.
 F = Levels seen in this place.
 G = Mean time per level.
                   A        B        C        D        E       F      G
               +--------+--------+--------+--------+--------+-----+--------+
         Total |   1758 |   1711 |     47 |      0 |   1401 |   2 |  879.0 |
       Dungeon |   1758 |   1711 |     47 |      0 |   1401 |   2 |  879.0 |
               +--------+--------+--------+--------+--------+-----+--------+

Top non-repeatable levels by time:
     D:1: 1288 daAuts
     D:2: 470 daAuts
